Maple Leafs vs Avalanche
Created - December 9, 2020 at 19:09
Goals
|
| Maple Leafs |
1 |
0 |
1 |
2 |
| Avalanche |
2 |
1 |
1 |
4 |
|
Shots
|
| Maple Leafs |
14 |
7 |
8 |
29 |
| Avalanche |
14 |
11 |
4 |
29 |
|
1st period
1. Maple Leafs , Ben Smith 7 (Jordan Staal 6, Calvin de Haan 6) at 3:33
2. Avalanche , Evgeny Dadonov 5 (Paul Stastny 7) at 9:54
3. Avalanche , Charlie Coyle 3 (Mattias Ekholm 1, Tomas Tatar 4) at 12:17
Penalties :
Ben Smith (Tor) for Interference (Minor) at 0:40, Peter Prucha (Col) for Cross-checking (Minor) at 7:33, Kyle Turris (Col) for High sticking (Minor) at 18:07
2nd period
4. Avalanche , Mikkel Boedker 22 (Bryan Little 25) at 7:43
Penalties :
Ben Smith (Tor) for Roughing (Minor) at 8:16, Colten Teubert (Col) for Roughing (Double Minor) at 19:08
3rd period
5. Avalanche , Bryan Little 18 (Mikkel Boedker 28) at 7:20
6. Maple Leafs , Brayden Schenn 14 (Patrick Kane 19, Chris Kelly 4) at 9:47
Penalties :
No Penalty
Goalie Stats
John Gibson (Tor), 25 saves from 29 shots - (0.862), L, 4-5-1, 60:00 minutes
Semyon Varlamov (Col), 27 saves from 29 shots - (0.931), W, 6-3-3, 60:00 minutes
Players Stats for Maple Leafs
Player Name G A P +/- PIM S H SB GA TA FO MP PP MP PK MP
------------------------------------------------------------------------------------
Andre Burakovsky 0 0 0 -1 0 3 1 0 0 0 0/0 11:47 0:27 0:00
Beau Bennett 0 0 0 -1 0 1 2 0 1 0 1/1 11:19 0:00 0:00
Ben Smith 1 0 1 0 4 3 2 0 0 1 1/1 16:47 3:21 0:00
Blake Comeau 0 0 0 -1 0 1 2 0 0 0 0/0 7:56 0:33 0:00
Brayden Schenn 1 0 1 0 0 2 2 1 0 0 13/30 21:56 3:55 2:06
Braydon Coburn 0 0 0 0 0 2 0 0 0 0 0/0 17:03 0:14 2:12
Calvin de Haan 0 1 1 0 0 0 0 1 0 0 0/0 16:45 3:16 0:00
Chris Kelly 0 1 1 -1 0 0 2 0 0 0 1/3 7:18 0:00 0:00
Dany Heatley 0 0 0 -1 0 0 0 0 0 0 1/1 8:33 0:44 0:20
Hampus Lindholm 0 0 0 -1 0 1 2 1 0 0 0/0 22:03 3:14 1:46
Jake Guentzel 0 0 0 0 0 1 0 1 0 0 0/0 17:39 4:01 0:00
John Klingberg 0 0 0 -1 0 2 1 0 1 0 0/0 21:29 4:35 0:00
Jordan Staal 0 1 1 0 0 4 2 0 0 0 5/13 18:16 3:21 1:32
Kevin Shattenkirk 0 0 0 -2 0 2 1 1 1 1 0/0 26:20 4:35 1:46
Kyle Clifford 0 0 0 0 0 2 2 0 2 1 0/1 21:03 3:18 2:06
Mika Zibanejad 0 0 0 -1 0 3 1 0 0 1 3/3 11:57 0:08 0:20
Patrick Kane 0 1 1 0 0 2 0 2 1 0 0/0 21:29 4:03 1:32
Ryan Parent 0 0 0 0 0 0 0 1 0 1 0/0 16:20 0:00 2:12
Players Stats for Avalanche
Player Name G A P +/- PIM S H SB GA TA FO MP PP MP PK MP
------------------------------------------------------------------------------------
Bryan Little 1 1 2 1 0 4 3 0 1 1 9/16 19:49 2:21 2:23
Charlie Coyle 1 0 1 0 0 1 0 0 0 0 2/9 10:47 0:00 0:20
Colten Teubert 0 0 0 2 4 1 1 0 1 0 0/0 19:40 1:34 1:20
Daniel Carr 0 0 0 0 0 1 0 0 0 0 0/0 9:12 0:00 0:00
Erik Karlsson 0 0 0 -1 0 1 1 1 0 1 0/0 23:12 2:24 2:57
Evgeny Dadonov 1 0 1 1 0 1 0 0 0 0 0/1 14:44 1:37 0:00
Jack Johnson 0 0 0 -1 0 1 1 1 1 1 0/0 25:54 2:24 5:00
James Van Riemsdyk 0 0 0 1 0 1 1 2 0 0 0/0 16:06 1:37 1:10
Joel Edmundson 0 0 0 1 0 0 0 0 0 0 0/0 14:25 0:00 1:37
Kyle Turris 0 0 0 0 2 2 0 0 0 0 1/1 9:25 0:00 0:00
Luke Witkowski 0 0 0 0 0 1 1 0 0 0 0/0 9:12 0:00 0:00
Marc Staal 0 0 0 2 0 3 1 1 1 0 0/0 23:19 1:34 4:19
Mattias Ekholm 0 1 1 1 0 0 3 4 0 1 0/0 13:29 0:00 0:41
Mikkel Boedker 1 1 2 1 0 3 1 1 1 0 6/10 21:43 2:21 4:09
Patric Hornqvist 0 0 0 1 0 4 3 0 0 0 1/1 21:55 2:21 4:21
Paul Stastny 0 1 1 1 0 3 0 0 0 2 9/15 17:13 1:37 2:23
Peter Prucha 0 0 0 0 2 1 0 0 0 0 0/0 11:40 0:00 1:08
Tomas Tatar 0 1 1 0 0 1 2 1 0 0 0/0 10:15 0:00 0:00
3 Stars
1 - Bryan Little (Col)
2 - Mikkel Boedker (Col)
3 - Mattias Ekholm (Col)
Power Play
Maple Leafs - 0 on 4 Attempt(s) - 0.00%
Avalanche - 0 on 2 Attempt(s) - 0.00%
Penalty Kill
Maple Leafs - 2 on 2 Attempt(s) - 100.00%
- Score 0 goal in Penalty Kill
Avalanche - 4 on 4 Attempt(s) - 100.00%
- Score 0 goal in Penalty Kill
Team Stat
Maple Leafs - Hits : 20 - Faceoff Wins : 25 - Blocked Shots : 8 - Penalty Minutes : 4
Avalanche - Hits : 18 - Faceoff Wins : 28 - Blocked Shots : 11 - Penalty Minutes : 8
Official
Referees : Unknown
Linesman : Unknown
Game Notes
No Game Note
Finance
Level 1 -- Attendance: 6000 (100.00%) -- Ticket Income $534,000
Level 2 -- Attendance: 4733 (94.66%) -- Ticket Income $260,315
Level 3 -- Attendance: 2000 (100.00%) -- Ticket Income $66,000
Level 4 -- Attendance: 4000 (100.00%) -- Ticket Income $92,000
Luxury Box -- Attendance: 1000 (100.00%) -- Ticket Income $172,000
Game was played at the Pepsi Center.
Total Attendance: 17733 (98.52%)
Total Ticket Income: $1,124,315
Other Income: $168,647
Total Income: $1,292,962
Maple Leafs
5 vs 5 Forward
Center Left Wing Right Wing Time % Phy DF OF
1 Brayden Schenn Kyle Clifford Patrick Kane 40 1 2 2
2 Jordan Staal Jake Guentzel Ben Smith 30 1 2 2
3 Mika Zibanejad Andre Burakovsky Beau Bennett 20 1 2 2
4 Chris Kelly Dany Heatley Blake Comeau 10 1 2 2
5 vs 5 Defense
Defense Defense Time % Phy DF OF
1 Kevin Shattenkirk Hampus Lindholm 40 1 2 2
2 Braydon Coburn John Klingberg 30 1 2 2
3 Ryan Parent Calvin de Haan 20 1 2 2
4 Kevin Shattenkirk John Klingberg 10 1 2 2
PowerPlay Forward
Center Left Wing Right Wing Time % Phy DF OF
1 Brayden Schenn Jake Guentzel Patrick Kane 60 1 2 2
2 Jordan Staal Kyle Clifford Ben Smith 40 1 2 2
PowerPlay Defense
Defense Defense Time % Phy DF OF
1 Kevin Shattenkirk John Klingberg 60 1 2 2
2 Hampus Lindholm Calvin de Haan 40 1 2 2
Penalty Kill 4 Players Forward
Center Wing Time % Phy DF OF
1 Brayden Schenn Kyle Clifford 60 1 2 2
2 Jordan Staal Patrick Kane 40 1 2 2
Penalty Kill 4 Players Defense
Defense Defense Time % Phy DF OF
1 Braydon Coburn Ryan Parent 60 1 2 2
2 Kevin Shattenkirk Hampus Lindholm 40 1 2 2
Penalty Kill - 3 Players Forward
Forward Time % Phy DF OF
1 Brayden Schenn 60 1 2 2
2 Jordan Staal 40 1 2 2
Penalty Kill - 3 Players Defense
Defense Defense Time % Phy DF OF
1 Braydon Coburn Ryan Parent 60 1 2 2
2 Kevin Shattenkirk Hampus Lindholm 40 1 2 2
4 vs 4 Forward
Center Wing Time % Phy DF OF
1 Jordan Staal Patrick Kane 60 1 2 2
2 Brayden Schenn Kyle Clifford 40 1 2 2
4 vs 4 Defense
Defense Defense Time % Phy DF OF
1 Kevin Shattenkirk Braydon Coburn 60 1 2 2
2 John Klingberg Hampus Lindholm 40 1 2 2
Last Minutes Offensive
Center Left Wing Right Wing Defense Defense
Brayden Schenn Kyle Clifford Patrick Kane Kevin Shattenkirk John Klingberg
Last Minutes Defensive
Center Left Wing Right Wing Defense Defense
Jordan Staal Kyle Clifford Patrick Kane Kevin Shattenkirk Braydon Coburn
Goaltenders
Starting : John Gibson
Backup : Brian Elliott
Extra Forwards
Normal : Dany Heatley, Andre Burakovsky, Patrick Kane - PP : Dany Heatley, Patrick Kane - PK : Ben Smith
Extra Defensemen
Normal : Hampus Lindholm, Ryan Parent, Kevin Shattenkirk - PP : Hampus Lindholm - PK : Hampus Lindholm, Calvin de Haan
Penalty Shots
Patrick Kane, Andre Burakovsky, Brayden Schenn, Jordan Staal, Kyle Clifford
Scratches
None
Avalanche
5 vs 5 Forward
Center Left Wing Right Wing Time % Phy DF OF
1 Bryan Little Mikkel Boedker Patric Hornqvist 35 1 2 2
2 Paul Stastny James Van Riemsdyk Evgeny Dadonov 33 1 2 2
3 Charlie Coyle Tomas Tatar Peter Prucha 20 1 2 2
4 Kyle Turris Daniel Carr Luke Witkowski 12 1 2 2
5 vs 5 Defense
Defense Defense Time % Phy DF OF
1 Jack Johnson Erik Karlsson 40 1 2 2
2 Marc Staal Colten Teubert 35 1 2 2
3 Mattias Ekholm Joel Edmundson 25 1 2 2
4 Jack Johnson Marc Staal 0 1 2 2
PowerPlay Forward
Center Left Wing Right Wing Time % Phy DF OF
1 Bryan Little Mikkel Boedker Patric Hornqvist 60 1 2 2
2 Paul Stastny James Van Riemsdyk Evgeny Dadonov 40 1 2 2
PowerPlay Defense
Defense Defense Time % Phy DF OF
1 Jack Johnson Erik Karlsson 60 1 2 2
2 Marc Staal Colten Teubert 40 1 2 2
Penalty Kill 4 Players Forward
Center Wing Time % Phy DF OF
1 Mikkel Boedker Patric Hornqvist 60 1 2 2
2 Bryan Little Paul Stastny 40 1 2 2
Penalty Kill 4 Players Defense
Defense Defense Time % Phy DF OF
1 Jack Johnson Marc Staal 60 1 2 2
2 Erik Karlsson Colten Teubert 40 1 2 2
Penalty Kill - 3 Players Forward
Forward Time % Phy DF OF
1 Mikkel Boedker 60 1 2 2
2 Patric Hornqvist 40 1 2 2
Penalty Kill - 3 Players Defense
Defense Defense Time % Phy DF OF
1 Jack Johnson Marc Staal 60 1 2 2
2 Erik Karlsson Colten Teubert 40 1 2 2
4 vs 4 Forward
Center Wing Time % Phy DF OF
1 Mikkel Boedker Patric Hornqvist 60 1 2 2
2 Bryan Little Paul Stastny 40 1 2 2
4 vs 4 Defense
Defense Defense Time % Phy DF OF
1 Jack Johnson Marc Staal 60 1 2 2
2 Erik Karlsson Colten Teubert 40 1 2 2
Last Minutes Offensive
Center Left Wing Right Wing Defense Defense
Bryan Little Mikkel Boedker Patric Hornqvist Jack Johnson Marc Staal
Last Minutes Defensive
Center Left Wing Right Wing Defense Defense
Bryan Little Mikkel Boedker Patric Hornqvist Jack Johnson Marc Staal
Goaltenders
Starting : Semyon Varlamov
Backup : Cam Ward
Extra Forwards
Normal : James Van Riemsdyk, Charlie Coyle, Peter Prucha - PP : James Van Riemsdyk, Charlie Coyle - PK : Peter Prucha
Extra Defensemen
Normal : Mattias Ekholm, Joel Edmundson, Erik Karlsson - PP : Mattias Ekholm - PK : Joel Edmundson, Erik Karlsson
Penalty Shots
Mikkel Boedker, Patric Hornqvist, Bryan Little, Paul Stastny, Charlie Coyle
Scratches
Andrew Ladd (Healthy), Danny Richmond (Strained Left Elbow Injury)
% Time on Ice - Maple Leafs
Lines # - Real PCT - Wanted PCT - Time Play
Normal Forward
1 - 33% - 40% - 16:05
2 - 28% - 30% - 13:23
3 - 24% - 20% - 11:19
4 - 15% - 10% - 7:18
Normal Defense
1 - 35% - 40% - 16:45
2 - 31% - 30% - 14:55
3 - 29% - 20% - 14:07
4 - 5% - 10% - 2:18
PP Forward
1 - 58% - 60% - 4:36
2 - 42% - 40% - 3:21
PP Defense
1 - 58% - 60% - 4:35
2 - 42% - 40% - 3:22
PK Forward
1 - 61% - 60% - 2:26
2 - 39% - 40% - 1:32
PK Defense
1 - 55% - 60% - 2:12
2 - 45% - 40% - 1:46
PK3 Forward
1 - 0% - 60%
2 - 0% - 40%
PK3 Defense
1 - 0% - 60%
2 - 0% - 40%
44 Forward
1 - 0% - 60%
2 - 0% - 40%
44 Defense
1 - 0% - 60%
2 - 0% - 40%
Last Minute Offensive - 0:00
Last Minute Defensive - 0:00
Total
Forward - 60:00
Defense - 60:00
|
% Time on Ice - Avalanche
Lines # - Real PCT - Wanted PCT - Time Play
Normal Forward
1 - 32% - 35% - 15:25
2 - 27% - 33% - 13:13
3 - 21% - 20% - 10:15
4 - 19% - 12% - 9:12
Normal Defense
1 - 38% - 40% - 18:30
2 - 35% - 35% - 16:55
3 - 26% - 25% - 12:40
4 - 0% - 0% - 0:00
PP Forward
1 - 59% - 60% - 2:21
2 - 41% - 40% - 1:37
PP Defense
1 - 61% - 60% - 2:24
2 - 39% - 40% - 1:34
PK Forward
1 - 70% - 60% - 5:34
2 - 30% - 40% - 2:23
PK Defense
1 - 54% - 60% - 4:19
2 - 46% - 40% - 3:38
PK3 Forward
1 - 0% - 60%
2 - 0% - 40%
PK3 Defense
1 - 0% - 60%
2 - 0% - 40%
44 Forward
1 - 0% - 60%
2 - 0% - 40%
44 Defense
1 - 0% - 60%
2 - 0% - 40%
Last Minute Offensive - 0:00
Last Minute Defensive - 0:00
Total
Forward - 60:00
Defense - 60:00
|
Play-by-Play
1st period
0:01 of 1st period - Bryan Little wins face-off versus Brayden Schenn in neutral zone.
0:06 of 1st period - Snap shot by Bryan Little.
0:06 of 1st period - Stopped by John Gibson without a rebound.
0:07 of 1st period - Brayden Schenn wins face-off versus Bryan Little in Maple Leafs zone.
0:21 of 1st period - Snap shot by Patrick Kane.
0:21 of 1st period - Shot Misses the Net.
0:23 of 1st period - Wrist shot by Patrick Kane.
0:23 of 1st period - Shot Blocked by Jack Johnson.
0:40 of 1st period - Minor Penalty to Ben Smith for Interference.
0:41 of 1st period - Bryan Little wins face-off versus Brayden Schenn in Maple Leafs zone.
0:47 of 1st period - Snap shot by Mikkel Boedker.
0:47 of 1st period - Shot Misses the Net.
0:49 of 1st period - Slapshot by Patric Hornqvist.
0:49 of 1st period - Stopped by John Gibson without a rebound.
0:50 of 1st period - Patric Hornqvist wins face-off versus Brayden Schenn in Maple Leafs zone.
1:17 of 1st period - Wrist shot by Bryan Little.
1:17 of 1st period - Shot Misses the Net.
1:19 of 1st period - Wrist shot by Patric Hornqvist.
1:19 of 1st period - Shot Misses the Net.
1:25 of 1st period - Wrist shot by Bryan Little.
1:25 of 1st period - Shot Blocked by Ryan Parent.
1:27 of 1st period - Backhand shot by Jack Johnson.
1:27 of 1st period - Deflect By Patric Hornqvist.
1:27 of 1st period - Shot Blocked by Patrick Kane.
1:27 of 1st period - Puck is out of play.
1:28 of 1st period - Paul Stastny wins face-off versus Kyle Clifford in Maple Leafs zone.
2:13 of 1st period - Snap shot by Jordan Staal.
2:13 of 1st period - Stopped by Semyon Varlamov with a rebound.
2:40 of 1st period - Penalty to Ben Smith is over, Ben Smith is back on ice.
3:33 of 1st period - Slapshot by Ben Smith.
3:33 of 1st period - Goal by Ben Smith - Maple Leafs : 1 - Avalanche : 0.
3:34 of 1st period - Paul Stastny wins face-off versus Brayden Schenn in neutral zone.
3:36 of 1st period - Off-side.
3:37 of 1st period - Brayden Schenn wins face-off versus Paul Stastny in neutral zone.
3:48 of 1st period - Slapshot by Paul Stastny.
3:48 of 1st period - Stopped by John Gibson without a rebound.
3:49 of 1st period - Brayden Schenn wins face-off versus Bryan Little in Maple Leafs zone.
3:56 of 1st period - Snap shot by Kyle Clifford.
3:56 of 1st period - Stopped by Semyon Varlamov without a rebound.
3:57 of 1st period - Bryan Little wins face-off versus Brayden Schenn in Avalanche zone.
4:24 of 1st period - Wrist shot by Patrick Kane.
4:24 of 1st period - Shot Blocked by Mattias Ekholm.
4:38 of 1st period - Slapshot by Kyle Clifford.
4:38 of 1st period - Stopped by Semyon Varlamov with a rebound.
5:08 of 1st period - Off-side.
5:09 of 1st period - Paul Stastny wins face-off versus Jordan Staal in neutral zone.
5:11 of 1st period - Off-side.
5:12 of 1st period - Ben Smith wins face-off versus Paul Stastny in neutral zone.
6:22 of 1st period - Slapshot by John Klingberg.
6:22 of 1st period - Stopped by Semyon Varlamov without a rebound.
6:23 of 1st period - Paul Stastny wins face-off versus Jordan Staal in Avalanche zone.
6:55 of 1st period - Snap shot by Chris Kelly.
6:55 of 1st period - Shot Misses the Net.
7:06 of 1st period - Snap shot by Paul Stastny.
7:06 of 1st period - Shot Blocked by Calvin de Haan.
7:08 of 1st period - Wrist shot by Paul Stastny.
7:08 of 1st period - Shot Misses the Net.
7:10 of 1st period - Slapshot by Marc Staal.
7:10 of 1st period - Stopped by John Gibson without a rebound.
7:11 of 1st period - Jordan Staal wins face-off versus Charlie Coyle in Maple Leafs zone.
7:11 of 1st period - Jordan Staal is hit by Tomas Tatar.
7:23 of 1st period - Slapshot by Hampus Lindholm.
7:23 of 1st period - Shot Blocked by Erik Karlsson.
7:25 of 1st period - Slapshot by Jake Guentzel.
7:25 of 1st period - Stopped by Semyon Varlamov with a rebound.
7:27 of 1st period - Wrist shot by Ben Smith.
7:27 of 1st period - Shot Blocked by Tomas Tatar.
7:33 of 1st period - Minor Penalty to Peter Prucha for Cross-checking.
7:34 of 1st period - Brayden Schenn wins face-off versus Mikkel Boedker in Avalanche zone.
9:08 of 1st period - Kyle Clifford is hit by Colten Teubert and loses puck.
9:33 of 1st period - Penalty to Peter Prucha is over, Peter Prucha is back on ice.
9:44 of 1st period - Snap shot by Kyle Turris.
9:44 of 1st period - Stopped by John Gibson with a rebound.
9:46 of 1st period - Slapshot by Jack Johnson.
9:46 of 1st period - Shot Misses the Net.
9:48 of 1st period - Slapshot by Jack Johnson.
9:48 of 1st period - Shot Blocked by Hampus Lindholm.
9:50 of 1st period - Slapshot by Marc Staal.
9:50 of 1st period - Stopped by John Gibson with a rebound.
9:52 of 1st period - Slapshot by Jack Johnson.
9:52 of 1st period - Stopped by John Gibson without a rebound.
9:53 of 1st period - Paul Stastny wins face-off versus Chris Kelly in Maple Leafs zone.
9:54 of 1st period - Wrist shot by Evgeny Dadonov.
9:54 of 1st period - Goal by Evgeny Dadonov - Maple Leafs : 1 - Avalanche : 1.
9:55 of 1st period - Brayden Schenn wins face-off versus Bryan Little in neutral zone.
10:06 of 1st period - Hampus Lindholm is hit by Mattias Ekholm.
10:21 of 1st period - Evgeny Dadonov is hit by Ben Smith and loses puck.
10:28 of 1st period - Slapshot by Jordan Staal.
10:28 of 1st period - Deflect By Ben Smith.
10:28 of 1st period - Stopped by Semyon Varlamov without a rebound.
10:29 of 1st period - Jordan Staal wins face-off versus Bryan Little in Avalanche zone.
10:44 of 1st period - Wrist shot by Jordan Staal.
10:44 of 1st period - Stopped by Semyon Varlamov without a rebound.
10:45 of 1st period - Brayden Schenn wins face-off versus Paul Stastny in Avalanche zone.
10:56 of 1st period - Snap shot by Patrick Kane.
10:56 of 1st period - Stopped by Semyon Varlamov with a rebound.
11:21 of 1st period - Braydon Coburn is hit by Mikkel Boedker.
11:25 of 1st period - Marc Staal is hit by Jordan Staal and loses puck.
12:02 of 1st period - Backhand shot by Andre Burakovsky.
12:02 of 1st period - Stopped by Semyon Varlamov without a rebound.
12:03 of 1st period - Mika Zibanejad wins face-off versus Charlie Coyle in Avalanche zone.
12:13 of 1st period - Wrist shot by Tomas Tatar.
12:13 of 1st period - Stopped by John Gibson with a rebound.
12:17 of 1st period - Wrist shot by Charlie Coyle.
12:17 of 1st period - Goal by Charlie Coyle - Maple Leafs : 1 - Avalanche : 2.
12:18 of 1st period - Paul Stastny wins face-off versus Brayden Schenn in neutral zone.
12:21 of 1st period - Hampus Lindholm is hit by Jack Johnson and loses puck.
12:25 of 1st period - Icing by Hampus Lindholm.
12:26 of 1st period - Paul Stastny wins face-off versus Brayden Schenn in Maple Leafs zone.
13:50 of 1st period - Snap shot by Paul Stastny.
13:50 of 1st period - Stopped by John Gibson with a rebound.
15:07 of 1st period - Wrist shot by Paul Stastny.
15:07 of 1st period - Stopped by John Gibson without a rebound.
15:08 of 1st period - Mikkel Boedker wins face-off versus Jordan Staal in Maple Leafs zone.
16:12 of 1st period - Slapshot by Luke Witkowski.
16:12 of 1st period - Stopped by John Gibson with a rebound.
16:30 of 1st period - Wrist shot by Jordan Staal.
16:30 of 1st period - Stopped by Semyon Varlamov without a rebound.
16:31 of 1st period - Bryan Little wins face-off versus Jordan Staal in Avalanche zone.
16:36 of 1st period - Jake Guentzel is hit by Bryan Little and loses puck.
16:47 of 1st period - Wrist shot by Bryan Little.
16:47 of 1st period - Stopped by John Gibson without a rebound.
16:48 of 1st period - Beau Bennett wins face-off versus Charlie Coyle in Maple Leafs zone.
16:55 of 1st period - Slapshot by Mika Zibanejad.
16:55 of 1st period - Stopped by Semyon Varlamov with a rebound.
16:57 of 1st period - Slapshot by Mika Zibanejad.
16:57 of 1st period - Shot Misses the Net.
16:59 of 1st period - Slapshot by John Klingberg.
16:59 of 1st period - Shot Blocked by Mattias Ekholm.
17:01 of 1st period - Slapshot by Braydon Coburn.
17:01 of 1st period - Deflect By Mika Zibanejad.
17:01 of 1st period - Stopped by Semyon Varlamov without a rebound.
17:02 of 1st period - Bryan Little wins face-off versus Jordan Staal in Avalanche zone.
17:51 of 1st period - Andre Burakovsky is hit by Luke Witkowski and loses puck.
18:07 of 1st period - Minor Penalty to Kyle Turris for High sticking.
18:08 of 1st period - Brayden Schenn wins face-off versus Mikkel Boedker in Avalanche zone.
18:22 of 1st period - Slapshot by Patrick Kane.
18:22 of 1st period - Stopped by Semyon Varlamov with a rebound.
18:52 of 1st period - John Klingberg is hit by Patric Hornqvist and loses puck.
Goals for this period are 1 for Maple Leafs vs 2 for Avalanche.
Shots for this period are 14 for Maple Leafs vs 14 for Avalanche.
2nd period
0:01 of 2nd period - Mikkel Boedker wins face-off versus Brayden Schenn in neutral zone.
0:07 of 2nd period - Penalty to Kyle Turris is over, Kyle Turris is back on ice.
0:33 of 2nd period - Slapshot by Beau Bennett.
0:33 of 2nd period - Shot Misses the Net.
2:15 of 2nd period - Erik Karlsson is hit by Hampus Lindholm and loses puck.
2:39 of 2nd period - Paul Stastny is hit by Brayden Schenn and loses puck.
3:05 of 2nd period - James Van Riemsdyk is hit by Ben Smith and loses puck.
3:18 of 2nd period - James Van Riemsdyk is hit by Andre Burakovsky and loses puck.
3:31 of 2nd period - Wrist shot by Paul Stastny.
3:31 of 2nd period - Deflect By James Van Riemsdyk.
3:31 of 2nd period - Stopped by John Gibson with a rebound.
3:53 of 2nd period - Wrist shot by Dany Heatley.
3:53 of 2nd period - Shot Misses the Net.
4:05 of 2nd period - Slapshot by Charlie Coyle.
4:05 of 2nd period - Shot Blocked by Brayden Schenn.
4:29 of 2nd period - Wrist shot by Ben Smith.
4:29 of 2nd period - Stopped by Semyon Varlamov with a rebound.
4:31 of 2nd period - Snap shot by Jake Guentzel.
4:31 of 2nd period - Shot Blocked by Mattias Ekholm.
4:33 of 2nd period - Slapshot by John Klingberg.
4:33 of 2nd period - Shot Blocked by Mattias Ekholm.
4:35 of 2nd period - Slapshot by John Klingberg.
4:35 of 2nd period - Stopped by Semyon Varlamov with a rebound.
4:37 of 2nd period - Slapshot by Braydon Coburn.
4:37 of 2nd period - Stopped by Semyon Varlamov with a rebound.
5:08 of 2nd period - Off-side.
5:09 of 2nd period - Chris Kelly wins face-off versus Charlie Coyle in neutral zone.
5:11 of 2nd period - Off-side.
5:12 of 2nd period - Charlie Coyle wins face-off versus Brayden Schenn in neutral zone.
5:45 of 2nd period - Slapshot by Mikkel Boedker.
5:45 of 2nd period - Shot Blocked by Jake Guentzel.
5:47 of 2nd period - Slapshot by Jack Johnson.
5:47 of 2nd period - Shot Blocked by Kevin Shattenkirk.
5:49 of 2nd period - Slapshot by Patric Hornqvist.
5:49 of 2nd period - Deflect By Kevin Shattenkirk.
5:49 of 2nd period - Stopped by John Gibson with a rebound.
5:51 of 2nd period - Slapshot by Erik Karlsson.
5:51 of 2nd period - Deflect By Hampus Lindholm.
5:51 of 2nd period - Stopped by John Gibson without a rebound.
5:52 of 2nd period - Brayden Schenn wins face-off versus Evgeny Dadonov in Maple Leafs zone.
7:09 of 2nd period - Slapshot by Calvin de Haan.
7:09 of 2nd period - Shot Hit the Post.
7:35 of 2nd period - Snap shot by Brayden Schenn.
7:35 of 2nd period - Stopped by Semyon Varlamov without a rebound.
7:36 of 2nd period - Bryan Little wins face-off versus Jordan Staal in Avalanche zone.
7:41 of 2nd period - Snap shot by Mikkel Boedker.
7:41 of 2nd period - Shot Misses the Net.
7:43 of 2nd period - Wrist shot by Mikkel Boedker.
7:43 of 2nd period - Goal by Mikkel Boedker - Maple Leafs : 1 - Avalanche : 3.
7:44 of 2nd period - Bryan Little wins face-off versus Brayden Schenn in neutral zone.
8:16 of 2nd period - Minor Penalty to Ben Smith for Roughing.
8:17 of 2nd period - Bryan Little wins face-off versus Brayden Schenn in Maple Leafs zone.
9:45 of 2nd period - Erik Karlsson is hit by Kyle Clifford and loses puck.
10:16 of 2nd period - Penalty to Ben Smith is over, Ben Smith is back on ice.
10:28 of 2nd period - Marc Staal is hit by Mika Zibanejad and loses puck.
12:41 of 2nd period - Off-side.
12:42 of 2nd period - Brayden Schenn wins face-off versus Paul Stastny in neutral zone.
12:46 of 2nd period - Off-side.
12:47 of 2nd period - Bryan Little wins face-off versus Brayden Schenn in neutral zone.
13:10 of 2nd period - Mikkel Boedker is hit by Brayden Schenn and loses puck.
13:40 of 2nd period - Snap shot by Patrick Kane.
13:40 of 2nd period - Shot Misses the Net.
14:07 of 2nd period - Snap shot by Kyle Clifford.
14:07 of 2nd period - Shot Misses the Net.
14:29 of 2nd period - Patric Hornqvist is hit by Kyle Clifford and loses puck.
14:54 of 2nd period - Slapshot by Mikkel Boedker.
14:54 of 2nd period - Deflect By Patric Hornqvist.
14:54 of 2nd period - Stopped by John Gibson with a rebound.
14:56 of 2nd period - Snap shot by Mikkel Boedker.
14:56 of 2nd period - Shot Misses the Net.
14:58 of 2nd period - Slapshot by Marc Staal.
14:58 of 2nd period - Stopped by John Gibson with a rebound.
15:00 of 2nd period - Snap shot by Bryan Little.
15:00 of 2nd period - Stopped by John Gibson with a rebound.
15:02 of 2nd period - Backhand shot by Mikkel Boedker.
15:02 of 2nd period - Stopped by John Gibson with a rebound.
15:04 of 2nd period - Snap shot by Mikkel Boedker.
15:04 of 2nd period - Stopped by John Gibson with a rebound.
15:06 of 2nd period - Slapshot by Colten Teubert.
15:06 of 2nd period - Deflect By Calvin de Haan.
15:06 of 2nd period - Stopped by John Gibson with a rebound.
15:18 of 2nd period - Off-side.
15:19 of 2nd period - Paul Stastny wins face-off versus Jordan Staal in neutral zone.
15:36 of 2nd period - Snap shot by Jordan Staal.
15:36 of 2nd period - Shot Blocked by James Van Riemsdyk.
15:48 of 2nd period - Snap shot by Kyle Turris.
15:48 of 2nd period - Shot Misses the Net.
16:36 of 2nd period - Snap shot by Ben Smith.
16:36 of 2nd period - Shot Misses the Net.
16:38 of 2nd period - Slapshot by Hampus Lindholm.
16:38 of 2nd period - Stopped by Semyon Varlamov without a rebound.
16:39 of 2nd period - Mika Zibanejad wins face-off versus Paul Stastny in Avalanche zone.
17:12 of 2nd period - Snap shot by Blake Comeau.
17:12 of 2nd period - Stopped by Semyon Varlamov without a rebound.
17:13 of 2nd period - Charlie Coyle wins face-off versus Chris Kelly in Avalanche zone.
17:13 of 2nd period - Charlie Coyle is hit by Chris Kelly.
17:23 of 2nd period - Snap shot by Peter Prucha.
17:23 of 2nd period - Stopped by John Gibson with a rebound.
17:29 of 2nd period - Tomas Tatar is hit by Blake Comeau and loses puck.
17:44 of 2nd period - Beau Bennett is hit by James Van Riemsdyk and loses puck.
17:51 of 2nd period - James Van Riemsdyk is hit by Beau Bennett and loses puck.
19:08 of 2nd period - Double Minor Penalty to Colten Teubert for Roughing.
19:09 of 2nd period - Brayden Schenn wins face-off versus Mikkel Boedker in Avalanche zone.
19:46 of 2nd period - Snap shot by Jordan Staal.
19:46 of 2nd period - Stopped by Semyon Varlamov without a rebound.
19:47 of 2nd period - Mikkel Boedker wins face-off versus Brayden Schenn in Avalanche zone.
Goals for this period are 0 for Maple Leafs vs 1 for Avalanche.
Shots for this period are 7 for Maple Leafs vs 11 for Avalanche.
3rd period
0:01 of 3rd period - Brayden Schenn wins face-off versus Mikkel Boedker in neutral zone.
0:04 of 3rd period - Slapshot by Kevin Shattenkirk.
0:04 of 3rd period - Stopped by Semyon Varlamov with a rebound.
0:06 of 3rd period - Slapshot by Jake Guentzel.
0:06 of 3rd period - Shot Misses the Net.
0:08 of 3rd period - Snap shot by Patrick Kane.
0:08 of 3rd period - Shot Blocked by Mikkel Boedker.
2:18 of 3rd period - Mikkel Boedker is hit by Blake Comeau and loses puck.
3:08 of 3rd period - Penalty to Colten Teubert is over, Colten Teubert is back on ice.
3:58 of 3rd period - Brayden Schenn is hit by Erik Karlsson and loses puck.
4:11 of 3rd period - Jack Johnson is hit by John Klingberg and loses puck.
4:22 of 3rd period - Ben Smith is hit by Tomas Tatar and loses puck.
4:47 of 3rd period - Backhand shot by Mikkel Boedker.
4:47 of 3rd period - Shot Misses the Net.
4:49 of 3rd period - Wrist shot by Bryan Little.
4:49 of 3rd period - Shot Misses the Net.
5:17 of 3rd period - Braydon Coburn is hit by Marc Staal.
5:49 of 3rd period - Braydon Coburn is hit by Patric Hornqvist and loses puck.
6:00 of 3rd period - Wrist shot by Bryan Little.
6:00 of 3rd period - Shot Misses the Net.
6:10 of 3rd period - John Klingberg is hit by Mattias Ekholm and loses puck.
6:29 of 3rd period - Slapshot by Braydon Coburn.
6:29 of 3rd period - Stopped by Semyon Varlamov without a rebound.
6:30 of 3rd period - Kyle Turris wins face-off versus Brayden Schenn in Avalanche zone.
7:12 of 3rd period - Icing by Kyle Clifford.
7:13 of 3rd period - Mikkel Boedker wins face-off versus Brayden Schenn in Maple Leafs zone.
7:18 of 3rd period - Backhand shot by Bryan Little.
7:18 of 3rd period - Shot Blocked by Patrick Kane.
7:20 of 3rd period - Wrist shot by Bryan Little.
7:20 of 3rd period - Goal by Bryan Little - Maple Leafs : 1 - Avalanche : 4.
7:21 of 3rd period - Jordan Staal wins face-off versus Bryan Little in neutral zone.
7:53 of 3rd period - Snap shot by Brayden Schenn.
7:53 of 3rd period - Shot Hit the Post.
8:35 of 3rd period - Dany Heatley is hit by Bryan Little and loses puck.
8:40 of 3rd period - Wrist shot by Patric Hornqvist.
8:40 of 3rd period - Stopped by John Gibson without a rebound.
8:41 of 3rd period - Brayden Schenn wins face-off versus Bryan Little in Maple Leafs zone.
8:48 of 3rd period - Slapshot by Brayden Schenn.
8:48 of 3rd period - Shot Hit the Post.
9:08 of 3rd period - Snap shot by Bryan Little.
9:08 of 3rd period - Shot Misses the Net.
9:15 of 3rd period - Ryan Parent is hit by Patric Hornqvist and loses puck.
9:47 of 3rd period - Snap shot by Brayden Schenn.
9:47 of 3rd period - Goal by Brayden Schenn - Maple Leafs : 2 - Avalanche : 4.
9:48 of 3rd period - Paul Stastny wins face-off versus Brayden Schenn in neutral zone.
10:41 of 3rd period - Backhand shot by Kyle Turris.
10:41 of 3rd period - Stopped by John Gibson with a rebound.
10:43 of 3rd period - Snap shot by Daniel Carr.
10:43 of 3rd period - Stopped by John Gibson with a rebound.
10:45 of 3rd period - Slapshot by Mattias Ekholm.
10:45 of 3rd period - Shot Misses the Net.
10:47 of 3rd period - Snap shot by Kyle Turris.
10:47 of 3rd period - Shot Misses the Net.
11:15 of 3rd period - Icing by James Van Riemsdyk.
11:16 of 3rd period - Mikkel Boedker wins face-off versus Brayden Schenn in Avalanche zone.
11:43 of 3rd period - Peter Prucha is hit by Hampus Lindholm and loses puck.
12:35 of 3rd period - Daniel Carr is hit by Jordan Staal and loses puck.
13:14 of 3rd period - Snap shot by Andre Burakovsky.
13:14 of 3rd period - Shot Misses the Net.
13:16 of 3rd period - Snap shot by Mika Zibanejad.
13:16 of 3rd period - Stopped by Semyon Varlamov with a rebound.
13:22 of 3rd period - Snap shot by Andre Burakovsky.
13:22 of 3rd period - Shot Blocked by James Van Riemsdyk.
14:02 of 3rd period - Kevin Shattenkirk is hit by Bryan Little and loses puck.
14:41 of 3rd period - Wrist shot by Tomas Tatar.
14:41 of 3rd period - Shot Misses the Net.
15:13 of 3rd period - Off-side.
15:14 of 3rd period - Dany Heatley wins face-off versus Bryan Little in neutral zone.
15:55 of 3rd period - Snap shot by Mikkel Boedker.
15:55 of 3rd period - Deflect By Patric Hornqvist.
15:55 of 3rd period - Deflect By Hampus Lindholm.
15:55 of 3rd period - Shot Misses the Net.
15:55 of 3rd period - Puck is out of play.
15:56 of 3rd period - Mika Zibanejad wins face-off versus Charlie Coyle in Maple Leafs zone.
16:07 of 3rd period - Slapshot by Beau Bennett.
16:07 of 3rd period - Shot Misses the Net.
16:09 of 3rd period - Wrist shot by Mika Zibanejad.
16:09 of 3rd period - Shot Misses the Net.
16:11 of 3rd period - Snap shot by Andre Burakovsky.
16:11 of 3rd period - Stopped by Semyon Varlamov without a rebound.
16:12 of 3rd period - Brayden Schenn wins face-off versus Paul Stastny in Avalanche zone.
16:39 of 3rd period - Peter Prucha is hit by Kevin Shattenkirk and loses puck.
17:23 of 3rd period - Paul Stastny is hit by Chris Kelly and loses puck.
17:32 of 3rd period - Wrist shot by Blake Comeau.
17:32 of 3rd period - Shot Misses the Net.
18:02 of 3rd period - Jack Johnson is hit by Beau Bennett and loses puck.
18:21 of 3rd period - Slapshot by Kevin Shattenkirk.
18:21 of 3rd period - Stopped by Semyon Varlamov without a rebound.
18:22 of 3rd period - Jordan Staal wins face-off versus Charlie Coyle in Avalanche zone.
18:39 of 3rd period - Slapshot by Jordan Staal.
18:39 of 3rd period - Shot Blocked by Marc Staal.
18:47 of 3rd period - Icing by Ryan Parent.
18:48 of 3rd period - Mikkel Boedker wins face-off versus Jordan Staal in Maple Leafs zone.
19:07 of 3rd period - Ben Smith is hit by Mattias Ekholm and loses puck.
19:24 of 3rd period - Wrist shot by Beau Bennett.
19:24 of 3rd period - Stopped by Semyon Varlamov with a rebound.
19:26 of 3rd period - Snap shot by Andre Burakovsky.
19:26 of 3rd period - Stopped by Semyon Varlamov without a rebound.
19:27 of 3rd period - Jordan Staal wins face-off versus Charlie Coyle in Avalanche zone.
Goals for this period are 1 for Maple Leafs vs 1 for Avalanche.
Shots for this period are 8 for Maple Leafs vs 4 for Avalanche.